 Dungeon Crawl Stone Soup version 0.17-a0-1987-gaf5a542 (webtiles) character file.

5 glosham the Caller (level 1, -1/15 HPs)
             Began as a Human Summoner on Oct 6, 2015.
             Slain by a kobold (4 damage)
             ... on level 1 of the Dungeon on Oct 7, 2015.
             The game lasted 00:04:59 (227 turns).

glosham the Caller (Human Summoner)                  Turns: 227, Time: 00:04:59

Health: -1/15      AC:  2    Str:  8    XL:     1   Next: 88%
Magic:  1/3        EV: 12    Int: 15    God:
Gold:   36         SH:  0    Dex: 13    Spells: 1 memorised, 3 levels left

rFire  . . .     SeeInvis .     a - +0 spear
rCold  . . .     Clarity  .     e - +0 robe
rNeg   . . .     SustAt   .     (no shield)
rPois  .         Gourm    .     (no helmet)
rElec  .         Spirit   .     (no cloak)
rCorr  .         Warding  .     (no gloves)
rMut   .         Stasis   .     (no boots)
MR     .....                    (no amulet)
Stlth  ++........               (no ring)
                                (no ring)

@: not resistant to hostile enchantments, unstealthy
A: no striking features
a: no special abilities


You were on level 1 of the Dungeon.
You were not hungry.

You visited 1 branch of the dungeon, and saw 1 of its levels.

You collected 36 gold pieces.

Inventory:

Hand Weapons
 a - a +0 spear (weapon)
Missiles
 f - 15 stones (quivered)
 g - 19 poisoned needles
Armour
 e - a +0 robe (worn)
Scrolls
 i - a scroll of identify {unknown}
 j - a scroll of teleportation {unknown}
Potions
 d - a potion of magic {unknown}
Books
 b - a book of Callings

   Spells                             Type                      Level
   a - Summon Small Mammal            Summoning                    1
   b - Call Imp                       Summoning                    2
   c - Call Canine Familiar           Summoning                    3
   d - Summon Guardian Golem          Hexes/Summoning              3
   e - Summon Lightning Spire         Summoning/Air                4
   f - Summon Ice Beast               Ice/Summoning                4
Comestibles
 c - a bread ration
 h - 4 chunks of flesh


   Skills:
 * Level 1.3 Fighting
 - Level 2.0 Dodging
 - Level 2.0 Stealth
 - Level 2.0 Spellcasting
 - Level 4.0 Summonings


You had 3 spell levels left.
You knew the following spells:

 Your Spells              Type           Power        Failure   Level  Hunger
m - Summon Small Mammal   Summ           ##..         4%          1    #......


Dungeon Overview and Level Annotations

Branches:
Dungeon (1/15)

Altars:


Message History

The hobgoblin dies!
Press: ? - help, v - describe, . - travel, g - get item
Here: a quokka (friendly, summoned)
A scroll labeled AQAWKA IRGHE.
The floor.
You swap places.
You swap places.
j - a scroll labeled AQAWKA IRGHE You now have 36 gold pieces (gained 4).
You swap places.
Your bat disappears in a puff of smoke!
You open the door.
There is an open door here.
Found a scroll labeled GIACLI NIRIUF.
A kobold comes into view.
Your quokka disappears in a puff of smoke!
Attack whom?
Press: ? - help, Dir - move target cursor, f - kobold
Aim: a kobold (resting)
You reach to attack!
The helpless kobold fails to defend itself.
You hit the kobold but do no damage. You hit the kobold.
The kobold is heavily wounded.
The kobold hits you.
You barely miss the kobold.
The kobold is heavily wounded.
The kobold hits you.
You barely miss the kobold.
The kobold is heavily wounded.
The kobold hits you.
* * * LOW HITPOINT WARNING * * *
Casting: Summon Small Mammal
Confirm with . or Enter, or press ? or * to list all spells.
The kobold completely misses you.
Casting: Summon Small Mammal
Confirm with . or Enter, or press ? or * to list all spells.
Your bat barely misses the kobold. x2
The kobold hits you.
You die...

#.......'...#
#.....#
#......)#####
#######
#.......#...#
#.......'.#.#
#.......###.#
#.......# #.#
#.......# #.#
###########.#
#....@.#
#.#bK..#
+..r.# #....#
+...?# #....#
......
.......


You could see a kobold, a friendly quokka and a friendly bat.

Vanquished Creatures
  A bat (D:1)
  A kobold (D:1)
  A giant newt (D:1)
  A goblin (D:1)
  A rat (D:1)
5 creatures vanquished.

Vanquished Creatures (collateral kills)
  A hobgoblin (D:1)
1 creature vanquished.

Grand Total: 6 creatures vanquished

Notes
Turn   | Place    | Note
--------------------------------------------------------------
     0 | D:1      | glosham the Human Summoner began the quest for the Orb.
     0 | D:1      | Reached XP level 1. HP: 13/13 MP: 3/3
   121 | D:1      | Reached skill level 1 in Fighting
   227 | D:1      | Slain by a kobold

Vault maps used:
D:1:      wheals_arrival_linesprint

Action                   || total
-------------------------++-------
Melee: Spear             ||    13
       Unarmed           ||     9
Throw: Stone             ||     2
 Cast: Summon Small Mamm ||     5
 Stab: Sleeping          ||     1

Table legend:
 A = Turns spent in this place as a percentage of turns spent in the entire game.
 B = Non-inter-level travel turns spent in this place as a percentage of non-inter-level travel turns spent in the entire game.
 C = Inter-level travel turns spent in this place as a percentage of turns spent in this place.
 D = Turns resting spent in this place as a percentage of non-inter-level travel turns spent in this place.
 E = Turns spent auto-exploring this place as a percentage of non-inter-level travel turns spent in this place.
 F = Non-inter-level travel turns spent in this place divided by the number of levels of this place that you've seen.
                   A       B       C       D       E      F
               +-------+-------+-------+-------+-------+----------------------
         Total | 100.0 | 100.0 |   0.0 |   0.0 |   0.0 | 173.0
       Dungeon | 100.0 | 100.0 |   0.0 |   0.0 |   0.0 | 173.0
               +-------+-------+-------+-------+-------+----------------------

Table legend:
 A = Kills in this place as a percentage of kills in entire the game.
 B = Kills by you in this place as a percentage of kills by you in the entire game.
 C = Kills by friends in this place as a percentage of kills by friends in the entire game.
 D = Other kills in this place as a percentage of other kills in the entire game.
 E = Experience gained in this place as a percentage of experience gained in the entire game.
 F = Experience gained in this place divided by the number of levels of this place that you have seen.
                   A       B       C       D       E      F
               +-------+-------+-------+-------+-------+----------------------
         Total | 100.0 | 100.0 | 100.0 |  -nan | 100.0 |   8.0
       Dungeon | 100.0 | 100.0 | 100.0 |  -nan | 100.0 |   8.0
               +-------+-------+-------+-------+-------+----------------------

Vault maps used:
D:1:      wheals_arrival_linesprint
